 Dungeon Crawl Stone Soup version 0.32-a0-391-gce5c0aab1b (webtiles) character file.

Game seed: 14406620224288626180

430 Zeldest the Slasher (level 6, -9/49 HPs)
             Began as a Coglin Monk on Feb 20, 2024.
             Mangled by an ogre
             ... wielding a +0 giant club
              (27 damage)
             ... on level 4 of the Dungeon.
             The game lasted 00:02:52 (2223 turns).

Zeldest the Slasher (Coglin Monk)                   Turns: 2223, Time: 00:02:53

Health: -9/49      AC:  9    Str: 11    XL:     6   Next: 99%
Magic:  6/6        EV:  9    Int: 10    God:
Gold:   117        SH:  0    Dex: 18    Spells: 5/5 levels left

rFire   + + .        a - +0 falchion {Myungok}
rCold   x . .        l - +0 short sword (elec) {Kasem}
rNeg    . . .        i - +0 fire dragon scales
rPois   .            m - +0 helmet
rElec   .            (no cloak)
rCorr   .            (no gloves)
SInv    .            (no boots)
Will    .....        (no amulet) Stlth
                     (no ring)
HPRegen 0.28/turn    (no ring)
MPRegen 0.10/turn

%: no passive effects
@: revving, stiff-legged, very slow
A: off-hand wielding, slow wielding, warmup strikes, warmup strides
a: no special abilities


You were on level 4 of the Dungeon.
You visited 1 branch of the dungeon, and saw 4 of its levels.

You collected 169 gold pieces.
You spent 52 gold pieces at shops.

Inventory:

Hand Weapons
 a - a +0 falchion (weapon) {Myungok}
 l - a +0 short sword of electrocution (worn) {Kasem}
Armour
 d - an orb of light
 i - +0 fire dragon scales (worn)
 m - a +0 helmet (worn)
Scrolls
 b - 2 scrolls of revelation {unknown}
 f - 2 scrolls of enchant armour {unknown}
 h - 3 scrolls of teleportation {unknown}
 k - 3 scrolls of silence {unknown}
 n - a scroll of fog {unknown}
Potions
 c - a potion of ambrosia
 e - a potion of attraction {unknown}
 g - a potion of mutation {unknown}
 j - 3 potions of curing


   Skills:
 + Level 4.3 Fighting
 * Level 5.5 Long Blades
 + Level 1.8 Armour
 + Level 4.0 Dodging


You had 5 spell levels left.
You didn't know any spells.
Your spell library contained the following spells:

 Spells                   Type           Power      Damage    Failure   Level
 Magic Dart               Conj           0%         1d3       97%         1
 Slow                     Hex            0%         N/A       97%         1
 Sting                    Conj/Alch      0%         1d3       97%         1
 Mercury Vapours          Alch/Air       0%         N/A       99%         2
 Searing Ray              Conj           0%         2d4       99%         2
 Confusing Touch          Hex            0%         N/A       100%        3
 Gell's Gravitas          Tloc           0%         N/A       100%        3
 Sigil of Binding         Hex            0%         N/A       100%        3
 Teleport Other           Tloc           0%         N/A       100%        3
 Vampiric Draining        Necr           0%         2d6       100%        3
 Fulminant Prism          Conj/Alch      0%         3d5       100%        4
 Olgreb's Toxic Radiance  Alch           0%         N/A       100%        4
 Dispersal                Tloc           0%         N/A       100%        6


Dungeon Overview and Level Annotations

Branches:
Dungeon (4/15) Zot: 21659
 Temple: D:4-7

Altars:
Fedhas
Hepliaklqana

Shops:
D:2 [   D:3 !   D:4 (


Innate Abilities, Weirdness & Mutations

You can wield a second weapon in your off-hand.
It takes a long time for you to wield or remove held weapons.
Your first few attacks do less damage.
Your first movements take longer.


Message History

The iguana barely misses you.
An iguana is nearby!
You hit the iguana with your +0 short sword of electrocution.
Lightning courses through the iguana!!
You kill the iguana!
Your Dodging skill increases to level 4!
You see here an iguana corpse.
There is a dry fountain here.
Key pressed, stopping explore.
No target in view!
An ogre comes into view. It is wielding a +0 giant club.
The ogre shouts!
A goblin and an endoplasm come into view.
The goblin shouts!
The endoplasm quivers.
There are monsters nearby!
There are monsters nearby!
A howler monkey comes into view.
Found 3 stones.
The howler monkey howls!
The ogre hits you with a +0 giant club!!
The howler monkey hoots and howls with incredible vigour!
There are monsters nearby!
You are too injured to fight recklessly!
You are too injured to fight recklessly!
You hit the ogre with your +0 short sword of electrocution.
The ogre is lightly wounded.
You hit the ogre with your +0 falchion.
You slash the ogre with your +0 falchion!
The ogre is heavily wounded.
You barely miss the ogre with your +0 short sword of electrocution.
The ogre hits you with a +0 giant club!
A sleepcap comes into view.
The goblin hits you but does no damage.
You barely miss the ogre with your +0 short sword of electrocution.
The ogre is heavily wounded.
You hit the ogre with your +0 falchion.
The ogre hits you with a +0 giant club!!
Ouch! That really hurt!
You die...

.............##.#
..........#####.#.#
................#(#
########...######.# #
#........# .#.#
#........# .#.# f
#.......## ...#...
#########.#######J..h.#
.....####.......@O....#
###
#................g......
...
#.....###########.....##
### ..###...∩.# .....# #
.## ####..# .....# # .#
#####.#### .....# ##
#........# .....# #
#........# ###### #
#........#


You could see an ogre, a sleepcap, a howler monkey, an endoplasm and a goblin.

Vanquished Creatures
  Sigmund (D:3)
  An iguana (D:4)
  6 adders
  A dart slug (D:1)
  3 ribbon worms
  10 orcs
  10 endoplasms
  7 giant cockroaches
  4 hobgoblins
  19 jackals
  7 kobolds
  4 quokkas
  9 ball pythons
  4 bats
  2 frilled lizards
  3 goblins
  6 rats
97 creatures vanquished.

Notes
Turn   | Place    | Note
-------+----------+-------------------------------------------
     0 | D:1      | Zeldest the Coglin Monk began the quest for the Orb.
     0 | D:1      | Reached XP level 1. HP: 18/18 MP: 1/1
    84 | D:1      | Reached XP level 2. HP: 19/24 MP: 2/2
   193 | D:1      | Reached XP level 3. HP: 18/29 MP: 3/3
   617 | D:2      | Reached skill level 4 in Long Blades
   623 | D:2      | Reached XP level 4. HP: 35/35 MP: 4/4
   664 | D:2      | Found Ronlyetho's Antique Armour Boutique.
  1008 | D:2      | Reached XP level 5. HP: 42/42 MP: 5/5
  1294 | D:3      | Noticed Sigmund
  1313 | D:3      | Killed Sigmund
  1314 | D:3      | Reached skill level 5 in Long Blades
  1314 | D:3      | Reached skill level 1 in Armour
  1314 | D:3      | Reached XP level 6. HP: 30/48 MP: 6/6
  1344 | D:3      | Found Verolam's Distillery.
  1368 | D:3      | Bought a potion of degeneration for 13 gold pieces
  1369 | D:3      | Bought a potion of curing for 39 gold pieces
  1387 | D:3      | Found a hazy altar of Hepliaklqana.
  1388 | D:3      | Found a blossoming altar of Fedhas.
  1988 | D:4      | Identified the +1 robe "Galilot" {rF+ rN+}
  2054 | D:4      | Found Ivvaofuv's Antique Weapon Shoppe.
  2223 | D:4      | Mangled by an ogre

Illustrated notes

Levels and vault maps discovered:
D:1:      dpeg_arrival_simpleton_a, layout_rooms, corexii_corridor_pit
D:2:      layout_rooms, serial_shops, shop, chequers_serial_rivers_micro_c,
          kennysheep_cross_room, minivault_11
D:3:      layout_rooms, minitemple, serial_shops, shop, serial_bayou_lagoon_a,
          uniq_sigmund
D:4:      layout_basic, serial_shops, shop, grunt_decor_mini_mirrors,
          minmay_misc_feat_four_crosses

Skill      XL: |  1  2  3  4  5  6 |
---------------+-------------------+-----
Dodging        | 3 4 |  4.0
Long Blades    | 4 5 |  5.5
Fighting       | 4 |  4.3
Armour         | 1 |  1.8

Action                     |  1- 3 |  4- 6 || total
---------------------------+-------+-------++-------
  Melee: Falchion          |    48 |   124 ||   172
         Short sword       |    19 |   121 ||   140
    Use: Potion            |       |     1 ||     1
   Stab: Sleeping          |     2 |       ||     2
 Armour: Robe              |    18 |       ||    18
         Ring mail         |     8 |    16 ||    24
         Fire dragon scale |       |    81 ||    81
  Dodge: Dodged            |    21 |    87 ||   108

Table legend: (Time is in decaauts)
 A = Elapsed time spent in this place.
 B = Non-inter-level travel time spent in this place.
 C = Inter-level travel time spent in this place.
 D = Time resting spent in this place.
 E = Time spent auto-exploring this place.
 F = Levels seen in this place.
 G = Mean time per level.
                   A        B        C        D        E       F      G
               +--------+--------+--------+--------+--------+-----+--------+
         Total |   2339 |   2190 |    149 |    131 |   1477 |   4 |  584.8 |
       Dungeon |   2339 |   2190 |    149 |    131 |   1477 |   4 |  584.8 |
               +--------+--------+--------+--------+--------+-----+--------+

Top non-repeatable levels by time:
     D:3: 813 daAuts
     D:1: 635 daAuts
     D:2: 598 daAuts
     D:4: 292 daAuts
